 Dungeon Crawl Stone Soup version 0.25-a0-246-g58704a1 (webtiles) character file.

Game seed: 9469787221331434108, levelgen mode: deterministic

44 silenth the Slasher (level 3, 0/22 HPs)
             Began as a Tengu Gladiator on Dec 3, 2019.
             Succumbed to an adder's poison
             ... on level 2 of the Dungeon.
             The game lasted 00:00:59 (882 turns).

silenth the Slasher (Tengu Gladiator)                Turns: 882, Time: 00:00:59

Health: 0/22       AC:  3    Str: 14    XL:     3   Next: 60%
Magic:  4/4        EV: 13    Int:  8    God:
Gold:   37         SH:  0    Dex: 16    Spells: 2/2 levels left

rFire    . . .     SeeInvis .   a - +0 long sword
rCold    . . .     Gourm    .   (no shield)
rNeg     . . .     Faith    .   b - +0 leather armour
rPois    .         Spirit   .   c - +0 hat
rElec    .         Reflect  .   (no cloak)
rCorr    .         Harm     .   (no gloves)
MR       .....                  (boots unavailable)
Stlth    +.........             g - amulet of inaccuracy (curse)
HPRegen  0.07/turn              (no ring)
MPRegen  0.09/turn              (no ring)

@: lethally poisoned (0 -> -5)
A: beak, talons 3
a: no special abilities


You were on level 2 of the Dungeon.
You were not hungry.

You visited 1 branch of the dungeon, and saw 2 of its levels.

You collected 37 gold pieces.

Inventory:

Hand Weapons
 a - a +0 long sword (weapon)
Missiles
 d - 3 throwing nets (quivered)
Armour
 b - a +0 leather armour (worn)
 c - a +0 hat (worn)
Jewellery
 g - a cursed amulet of inaccuracy (around neck)
Scrolls
 h - a scroll of fear {unknown}
 j - a scroll of magic mapping {unknown}
 k - 3 scrolls of enchant weapon {unknown}
Comestibles
 e - 4 rations
 f - a chunk of flesh


   Skills:
 + Level 2.7 Fighting
 * Level 4.4 Long Blades
 - Level 2.0 Throwing
 - Level 3.2 Dodging


You had 2 spell levels left.
You didn't know any spells.
Your spell library was empty.

Dungeon Overview and Level Annotations

Branches:
Dungeon (2/15)

Altars:


Innate Abilities, Weirdness & Mutations

You have a beak for a mouth.
You have claws for feet.


Message History

The adder is heavily wounded.
The adder closely misses you.
You riposte.
You miss the adder. Your peck misses the adder.
The adder is heavily wounded.
The frilled lizard bites you but does no damage.
The adder bites you but does no damage.
You feel sick.
A giant cockroach comes into view.
The adder bites you.
* * * LOW HITPOINT WARNING * * *
You are lethally poisoned!
The adder poisons you!
Things that are here:
4 stones; a quokka skeleton; a kobold corpse You barely miss the adder.
Your kick misses the adder. You peck the adder.
The adder is severely wounded.
The adder bites you.
* * * LOW HITPOINT WARNING * * *
It was a potion of cancellation.
You feel magically purged.
You die...

##########
...#.....## #
..........## .##.
...........####....
...........[.......
..............s..
.........sl##..#
..........S#.>#
..........#@.#
$..#.....##.## #
########.# #....#
#####.#### #....<.#
#......# #......#
########


You could see an adder, 2 giant cockroaches and a frilled lizard.

Vanquished Creatures
  An adder (D:2)
  An ooze (D:2)
  A dart slug (D:1)
  2 leopard geckos (D:1)
  6 bats (D:1)
  2 giant cockroaches (D:1)
  3 goblins (D:1)
  2 hobgoblins
  3 kobolds
  A quokka (D:2)
  A frilled lizard (D:1)
  3 rats (D:1)
26 creatures vanquished.

Notes
Turn   | Place    | Note
-------+----------+-------------------------------------------
     0 | D:1      | silenth the Tengu Gladiator began the quest for the Orb.
     0 | D:1      | Reached XP level 1. HP: 12/12 MP: 2/2
   157 | D:1      | Reached XP level 2. HP: 17/17 MP: 3/3
   297 | D:1      | Reached skill level 4 in Long Blades
   566 | D:1      | Reached XP level 3. HP: 22/22 MP: 4/4
   881 | D:2      | HP: 1/22 [adder (4)]
   882 | D:2      | Succumbed to an adder's poison

Levels and vault maps discovered:
D:1:      wheals_arrival_shading, layout_basic
D:2:      layout_rooms, first_ration, uniq_robin

Skill      XL: |  1  2 |
---------------+-------+-----
Long Blades    | 4 |  4.4
Fighting       | |  2.7
Throwing       | |  2.0
Dodging        | |  3.2

Action                   || total
-------------------------++-------
Melee: Long sword        ||    56
       Kick              ||    13
       Peck              ||    10
  Use: Scroll            ||     1
       Potion            ||     2
 Stab: Sleeping          ||     2
Armor: Leather armour    ||    22
Dodge: Dodged            ||    42
       Rpst.: Long sword ||    17

Table legend:
 A = Non-vault XP
 B = Vault XP
 C = Vault XP percentage of total XP
 D = Non-vault monster count
 E = Vault monster count
 F = Vault count percentage of total count
                 A         B        C        D         E       F
            +---------+---------+-------+---------+---------+-------
      Total |      63 |       0 |   0.0 |      26 |       0 |   0.0
            +---------+---------+-------+---------+---------+-------
        D:1 |      36 |       0 |   0.0 |      21 |       0 |   0.0
        D:2 |      27 |       0 |   0.0 |       5 |       0 |   0.0
            +---------+---------+-------+---------+---------+-------
